 Dungeon Crawl Stone Soup version 0.25-a0-339-gb37b713d4c (webtiles) character file.

Game seed: 6398310115040218507, levelgen mode: deterministic

41904 Gargoyl the Cleaver (level 13, 0/108 HPs)
             Began as a Centaur Abyssal Knight on Dec 29, 2019.
             Was a High Priest of Lugonu.
             Slain by a tyrant leech (23 damage)
             ... on level 5 of the Lair of Beasts.
             The game lasted 00:33:14 (27481 turns).

Gargoyl the Cleaver (Centaur Abyssal Knight)       Turns: 27481, Time: 00:33:15

Health: 0/108      AC: 15    Str: 23    XL:     13   Next: 82%
Magic:  21/21      EV:  8    Int: 11    God:    Lugonu [*****.]
Gold:   619        SH: 10    Dex: 13    Spells: 12/12 levels left

rFire    . . .     SeeInvis .   s - +4 war axe
rCold    . . .     Gourm    .   u - +0 shield
rNeg     . . .     Faith    .   e - +2 chain mail {rPois}
rPois    +         Spirit   .   (helmet restricted)
rElec    .         Reflect  .   C - +2 cloak
rCorr    .         Harm     .   (no gloves)
MR       +....                  (no barding)
Stlth    ..........             d - amulet of rage
HPRegen  0.28/turn              f - ring of protection from magic
MPRegen  0.17/turn              l - +5 ring of strength

@: very quick
A: large, hooves 3, horns 1, deformed body, speed 2, strong 1, tough skin 3
a: Depart the Abyss, Bend Space, Banish, Corrupt, Enter the Abyss, Renounce
Religion, Evoke Berserk Rage


You were on level 5 of the Lair of Beasts.
You worshipped Lugonu.
Lugonu was extremely pleased with you.
You were not hungry.

You visited 3 branches of the dungeon, and saw 18 of its levels.
You visited the Abyss 1 time.

You collected 956 gold pieces.
You spent 337 gold pieces at shops.

Inventory:

Hand Weapons
 a - a +1 hand axe
 s - a +4 war axe (weapon)
 F - a +3 scimitar of flaming
 I - a +2 long sword of holy wrath
Missiles
 q - 17 boomerangs (quivered)
Armour
 e - a +2 chain mail of poison resistance (worn)
 u - a +0 shield (worn)
 C - a +2 cloak (worn)
Jewellery
 d - an amulet of rage (around neck)
 f - a ring of protection from magic (left hand)
 l - a +5 ring of strength (right hand)
 B - an uncursed ring of flight
 L - a +2 ring of slaying {unknown}
 M - a +5 ring of intelligence {unknown}
 P - an uncursed ring of poison resistance {unknown}
 Q - an uncursed ring of fire {unknown}
Wands
 b - a wand of paralysis (9)
 r - a wand of iceblast (9)
 x - a wand of disintegration (23)
 D - a wand of flame (12)
 G - a wand of clouds (2)
 H - a wand of acid (9)
 J - a wand of polymorph (23)
Scrolls
 g - 10 scrolls of remove curse
 m - 4 scrolls of identify
 p - 4 scrolls of immolation
 t - 8 scrolls of teleportation
 y - 5 scrolls of magic mapping
Potions
 h - 2 potions of magic
 i - a potion of agility
 j - 6 potions of curing
 k - 2 potions of brilliance
 n - 3 potions of might
 o - 2 potions of berserk rage
 v - a potion of cancellation
 w - a potion of mutation
 z - a potion of haste
 A - 4 potions of flight
 E - a potion of ambrosia
 K - 2 potions of heal wounds
Comestibles
 c - 19 rations


   Skills:
 + Level 8.4 Fighting
 + Level 11.4 Axes
 + Level 1.9 Throwing
 * Level 9.4 Armour
 * Level 7.3 Dodging
 + Level 5.0 Shields
 * Level 10.8 Invocations
 + Level 2.6 Evocations


You had 12 spell levels left.
You didn't know any spells.
Your spell library contained the following spells:

 Spells                   Type           Power        Failure   Level  Hunger
 Infusion                 Chrm           #...         99%         1    ##.....
 Blink                    Tloc           N/A          100%        2    ###....
 Shroud of Golubria       Chrm/Tloc      #.....       100%        2    ###....
 Song of Slaying          Chrm           #.......     100%        2    ###....
 Gell's Gravitas          Tloc           #.........   100%        3    ####...
 Lesser Beckoning         Tloc           #.........   100%        3    ####...
 Regeneration             Chrm/Necr      #.........   100%        3    ####...
 Spectral Weapon          Hex/Chrm       #.......     100%        3    ####...
 Teleport Other           Tloc           #.......     100%        3    ####...
 Passage of Golubria      Tloc           N/A          100%        4    #####..


Dungeon Overview and Level Annotations

Branches:
Dungeon (11/15)            Temple (1/1) D:6            Lair (6/6) D:11
 Shoals (0/4) Lair:2       Spider (0/4) Lair:3        Slime (0/5) Lair:5
    Orc (0/2) D:11

Altars:
Dithmenos
Fedhas
Gozag
Hepliaklqana
Ru
Uskayaw
Vehumet
Xom
Yredelemnul

Shops:
D:8 *}[*%   D:9 (   D:10 [   D:11 !

Portals:
Trove: D:10 (give 12 potions of heal wounds)

Annotations:
Lair:1 1 transporter
Lair:2 1 runed translucent door, domsik's ghost, journeyman TrMo
Lair:3 2 transporters, Viasus's ghost, journeyman GnAr
Lair:6 Urug


Innate Abilities, Weirdness & Mutations

You have hooves in place of feet.
Armour fits poorly on your strangely shaped body.
You cover ground very quickly.
You have extremely tough skin. (AC +3)
You have a pair of small horns on your head.
Your muscles are strong. (Str +2)


Message History

You kick the tyrant leech, but do no damage.
The tyrant leech is lightly wounded.
You hit the yak. The yak gores you but does no damage.
The tyrant leech bites you!!
The tyrant leech draws strength from your injuries!
Unknown command.
Your shield and chain mail prevent you from hitting the tyrant leech.
Your headbutt misses the tyrant leech. You slash the yak!
You block the yak's attack.
You miss the tyrant leech. You kick the tyrant leech.
Your headbutt misses the tyrant leech.
The tyrant leech is lightly wounded.
You hit the yak but do no damage. The tyrant leech bites you!
* * * LOW HITPOINT WARNING * * *
The tyrant leech draws strength from your injuries!
You block the yak's attack.
You closely miss the tyrant leech. You kick the tyrant leech.
The tyrant leech is lightly wounded.
You hit the yak. The tyrant leech bites you!!
You die...

..........#.#...........#........
..........#.P...............#....
.....P.#.......#.#........##.....
..............###..........##.#..
.........#.##..#.##..........#...
.........####.#..##.........#....
.........###P...#..P.............
..........##P...w....##.##.....#.
.........#......@...####.#.....#.
..........#.....Y.....##........8
######........#.P......##.#....#.
# ##........#........####..##.# #
#.#.##....PP......P#####.#### ###
###..##...P...#....##.....##.
..####..###.#...#.......^....##..
...##...# ##...#...........##....
..#.....####..##P..P.......##..8.


You could see a tyrant leech and a yak.

Vanquished Creatures
  Rupert (Lair:5)
  Erolcha (D:9)
  A catoblepas (Lair:5)
  Erica (D:10)
  A two-headed ogre (D:11)
  3 oklob plants
  A manticore (Lair:2)
  3 elephants (Lair:4)
  3 black mambas
  Joseph (D:8)
  Psyche (D:9)
  A rime drake (Lair:5)
  11 spiny frogs
  A kobold demonologist (D:11)
  2 komodo dragons
  A guardian mummy (D:10)
  4 trolls
  2 tyrant leeches (Lair:6)
  A hornet (D:9)
  Grinder (D:6)
  8 hippogriffs
  18 blink frogs
  A vampire (D:11)
  Sigmund (D:6)
  50 yaks
  A wraith (D:8)
  Eustachio (D:6)
  2 basilisks
  A wyvern (D:11)
  5 hungry ghosts
  A steam dragon (D:8)
  A human (D:7)
  4 hogs (D:7)
  2 vampire mosquitoes (Lair:6)
  Menkaure (D:7)
  10 water moccasins
  5 porcupines
  9 orc warriors
  3 sky beasts (D:7)
  6 ice beasts
  3 black bears
  2 necrophages
  5 phantoms
  8 ogres
  5 centaurs
  7 wolves
  2 big kobolds
  8 crocodiles
  25 bullfrogs
  8 killer bees (D:11)
  4 electric eels
  5 wights (D:6)
  3 howler monkeys
  4 crimson imps
  A centaur zombie (D:5)
  11 hounds
  2 centaur skeletons
  2 jellies
  3 quasits
  3 bullfrog skeletons (D:6)
  15 orc priests
  8 orc wizards
  2 iguanas
  Natasha (twice) (D:3)
  8 worker ants
  4 hell rats (Lair:5)
  2 hound zombies
  A hound skeleton (D:6)
  2 worker ant zombies
  6 gnolls
  A howler monkey skeleton (D:6)
  12 adders
  An ooze (D:2)
  An adder skeleton (D:5)
  3 worms
  4 dart slugs
  5 leopard geckos
  56 orcs
  4 giant cockroaches
  4 goblins
  8 hobgoblins
  9 jackals
  29 kobolds
  7 quokkas
  A ball python (D:3)
  12 bats
  21 frilled lizards
  A jackal skeleton (D:4)
  A quokka skeleton (D:6)
  5 rats
  6 fungi
  5 plants
528 creatures vanquished.

Vanquished Creatures (others)
  2 hydras
  2 oklob plants (Lair:5)
  A yak (D:9)
  5 electric eels
  3 fungi
  35 plants
48 creatures vanquished.

Grand Total: 576 creatures vanquished

Notes
Turn   | Place    | Note
-------+----------+-------------------------------------------
     0 | Abyss:1  | Gargoyl the Centaur Abyssal Knight began the quest for the
                  | Orb.
     0 | Abyss:1  | Reached XP level 1. HP: 19/19 MP: 2/2
    49 | Abyss:2  | Noticed a glowing orange brain
   109 | Abyss:2  | Noticed a raiju
   110 | D:1      | Escaped the Abyss
   488 | D:1      | Reached XP level 2. HP: 26/26 MP: 3/3
   569 | D:1      | Reached * piety under Lugonu
   646 | D:1      | Reached skill level 1 in Dodging
   657 | D:1      | Reached skill level 2 in Axes
   818 | D:1      | Reached XP level 3. HP: 22/31 MP: 4/4
  1508 | D:2      | You fall into a shaft and drop 1 floor!
  1540 | D:3      | Reached XP level 4. HP: 38/39 MP: 5/5
  1614 | D:3      | Reached ** piety under Lugonu
  2478 | D:3      | Noticed Natasha
  2508 | D:3      | Killed Natasha
  2508 | D:3      | Reached XP level 5. HP: 22/46 MP: 7/7
  3007 | D:3      | Reached skill level 3 in Axes
  3394 | D:3      | Noticed Natasha
  3402 | D:3      | Reached XP level 6. HP: 40/52 MP: 8/8
  3403 | D:3      | Killed Natasha
  3584 | D:3      | Reached *** piety under Lugonu
  3964 | D:3      | Gained mutation: You are weak. (Str -2) [potion of
                  | mutation]
  3964 | D:3      | Gained mutation: You have supernaturally acute eyesight.
                  | (SInv) [potion of mutation]
  3965 | D:3      | Lost mutation: You are weak. (Str -2) [potion of mutation]
  3965 | D:3      | Lost mutation: You have supernaturally acute eyesight.
                  | (SInv) [potion of mutation]
  3965 | D:3      | Gained mutation: You have a pair of small antennae on your
                  | head. [potion of mutation]
  3965 | D:3      | Gained mutation: You are weak. (Str -2) [potion of
                  | mutation]
  3965 | D:3      | Gained mutation: Your movements are slightly less
                  | encumbered by armour. (ER -2) [potion of mutation]
  3966 | D:3      | Lost mutation: You are weak. (Str -2) [potion of mutation]
  3966 | D:3      | Lost mutation: Your movements are slightly less encumbered
                  | by armour. (ER -2) [potion of mutation]
  3966 | D:3      | Lost mutation: You have a pair of small antennae on your
                  | head. [potion of mutation]
  3966 | D:3      | Gained mutation: You are robust. (+10% HP) [potion of
                  | mutation]
  3966 | D:3      | Gained mutation: You are clumsy. (Dex -2) [potion of
                  | mutation]
  3966 | D:3      | Gained mutation: Your spells are a little harder to cast,
                  | but a little more powerful. [potion of mutation]
  4025 | D:3      | Lost mutation: Your spells are a little harder to cast, but
                  | a little more powerful. [potion of mutation]
  4025 | D:3      | Lost mutation: You are robust. (+10% HP) [potion of
                  | mutation]
  4025 | D:3      | Gained mutation: Your system is resistant to poisons.
                  | (rPois) [potion of mutation]
  4724 | D:4      | Found an opulent altar of Gozag.
  4744 | D:3      | Found a hazy altar of Hepliaklqana.
  4781 | D:4      | Reached skill level 4 in Axes
  4781 | D:4      | Reached XP level 7. HP: 21/59 MP: 8/10
  5405 | D:5      | Entered Level 5 of the Dungeon
  5631 | D:5      | Reached XP level 8. HP: 34/67 MP: 11/11
  6218 | D:5      | Reached skill level 1 in Throwing
  6349 | D:5      | Reached skill level 5 in Axes
  6480 | D:6      | Reached skill level 1 in Shields
  6627 | D:6      | Reached **** piety under Lugonu
  6651 | D:6      | Reached skill level 5 in Invocations
  6990 | D:6      | Noticed Grinder
  7006 | D:6      | Noticed Sigmund
  7007 | D:6      | Killed Grinder
  7025 | D:6      | Killed Sigmund
  7025 | D:6      | Reached XP level 9. HP: 26/73 MP: 11/13
  7428 | D:6      | Reached skill level 5 in Armour
  7444 | D:6      | Reached skill level 6 in Axes
  7455 | D:6      | Reached skill level 5 in Fighting
  7526 | D:6      | Found a staircase to the Ecumenical Temple.
  7902 | D:6      | Reached ***** piety under Lugonu
  7902 | D:6      | Noticed Eustachio
  7957 | Temple   | Entered the Ecumenical Temple
  8382 | D:6      | Killed Eustachio
  9187 | D:7      | Noticed Menkaure
  9192 | D:7      | Killed Menkaure
  9192 | D:7      | Reached skill level 7 in Axes
  9587 | D:7      | Found a basalt altar of Yredelemnul.
  9632 | D:7      | Found a sacrificial altar of Ru.
  9632 | D:7      | Found a hide-covered altar of Uskayaw.
  9638 | D:7      | Found a shadowy altar of Dithmenos.
  9640 | D:7      | Found a faded altar of an unknown god.
  9642 | D:7      | Found a faded altar of an unknown god.
  9814 | D:7      | Reached XP level 10. HP: 81/81 MP: 14/14
 10519 | D:8      | Found Plog's Antique Armour Boutique.
 10525 | D:8      | Bought a glowing cloak for 157 gold pieces
 10548 | D:8      | Found Caqemnah's Gadget Shop.
 10557 | D:8      | Found Liadall's General Store.
 10701 | D:8      | Found a radiant altar of Vehumet.
 10776 | D:8      | Found a blossoming altar of Fedhas.
 10776 | D:8      | Found an opulent altar of Gozag.
 11105 | D:8      | Found Qynuzug's Assorted Antiques.
 11106 | D:8      | Found Qickanept's Food Boutique.
 11357 | D:8      | Noticed Joseph
 11365 | D:8      | Killed Joseph
 11528 | D:9      | Reached skill level 8 in Axes
 11530 | D:9      | Reached skill level 1 in Evocations
 12097 | D:9      | Reached skill level 5 in Dodging
 12102 | D:9      | Reached XP level 11. HP: 89/89 MP: 16/16
 12503 | D:9      | Found Opluor's Antique Weapon Boutique.
 12525 | D:9      | Noticed Psyche
 12542 | D:9      | Killed Psyche
 12710 | D:9      | Noticed Erolcha
 12725 | D:9      | Killed Erolcha
 13338 | D:10     | Entered Level 10 of the Dungeon
 13359 | D:10     | Noticed Erica
 13402 | D:10     | Killed Erica
 13402 | D:10     | Reached skill level 9 in Axes
 14020 | D:10     | Found Hameschuh's Antique Armour Shoppe.
 14053 | D:10     | Found a portal to a secret trove of treasure.
 14649 | D:10     | Reached ****** piety under Lugonu
 14928 | D:11     | Found Uqacoq's Distillery.
 14947 | D:11     | Bought a potion of mutation for 80 gold pieces
 14947 | D:11     | Bought a potion of heal wounds for 50 gold pieces
 14947 | D:11     | Bought a potion of heal wounds for 50 gold pieces
 15300 | D:11     | Noticed a two-headed ogre
 15307 | D:11     | Killed a two-headed ogre
 15578 | D:11     | Reached XP level 12. HP: 45/97 MP: 13/18
 15916 | D:11     | Found a staircase to the Lair.
 16549 | D:11     | Found a staircase to the Orcish Mines.
 18075 | Lair:1   | Entered Level 1 of the Lair of Beasts
 18587 | Lair:1   | Found a transporter.
 18660 | Lair:1   | Found a transporter.
 19011 | Lair:2   | Reached skill level 10 in Axes
 19554 | Lair:2   | Found a staircase to the Shoals.
 19993 | Lair:2   | You fall into a shaft and drop 1 floor!
 20009 | Lair:3   | HP: 6/150 [spiny frog (13)]
 20788 | Lair:2   | Found a runed translucent door.
 20789 | Lair:2   | Found a shimmering altar of Xom.
 20789 | Lair:2   | Noticed domsik's ghost (journeyman TrMo)
 21697 | Lair:3   | Noticed a four-headed hydra
 21717 | Lair:3   | Lost mutation: You are clumsy. (Dex -2) [potion of
                  | mutation]
 21717 | Lair:3   | Lost mutation: Your system is resistant to poisons. (rPois)
                  | [potion of mutation]
 21717 | Lair:3   | Gained mutation: You have a pair of small horns on your
                  | head. [potion of mutation]
 21717 | Lair:3   | Gained mutation: Your muscles are strong. (Str +2) [potion
                  | of mutation]
 21721 | Lair:3   | Banished a four-headed hydra
 21945 | Lair:3   | Found a hole to the Spider Nest.
 21973 | Lair:3   | Reached skill level 10 in Invocations
 22383 | Lair:3   | Found a transporter.
 22384 | Lair:3   | Noticed a six-headed hydra
 22386 | Lair:3   | Noticed Viasus's ghost (journeyman GnAr)
 22387 | Lair:3   | Found a transporter.
 22387 | Lair:3   | Noticed a four-headed hydra
 22719 | Lair:3   | Reached XP level 13. HP: 91/105 MP: 20/20
 24836 | Lair:5   | Found a staircase to the Slime Pits.
 25130 | Lair:5   | Found a frozen archway.
 25378 | Lair:5   | Noticed Rupert
 25443 | Lair:5   | Killed Rupert
 25443 | Lair:5   | Reached skill level 11 in Axes
 25676 | Lair:6   | Entered Level 6 of the Lair of Beasts
 27173 | Lair:6   | Reached skill level 5 in Shields
 27195 | Lair:6   | Noticed Urug
 27481 | Lair:5   | Slain by a tyrant leech

Levels and vault maps discovered:
D:1:      minmay_arrival_arboretum_small, layout_loops_corners,
          minmay_misc_feat_ornament, minmay_lizard_pond
D:2:      layout_basic, st_stairs_14, palyth_stone_intersect
D:3:      layout_basic, nicolae_overflow_hidden_temple, first_ration,
          uniq_natasha
D:4:      layout_rooms, grunt_gozag_statues
D:5:      layout_basic, kennysheep_cross_bottleneck
D:6:      layout_basic, minmay_temple_entry_mini_moons, minmay_parallelograms,
          uniq_grinder, uniq_sigmund, uniq_eustachio
D:7:      layout_gridville, chequers_temple_overflow_minitemple,
          grunt_livestock, lemuel_altar_in_water, uniq_menkaure
D:8:      layout_basic, chequers_temple_overflow_statue_of_worship,
          serial_shops, shop_fountains, shop, shop, shop, shop, uniq_joseph
D:9:      layout_layer_cave, serial_shops, shop, uniq_psyche, uniq_erolcha
D:10:     layout_grid_maze, serial_shops,
          nicolae_shop_competitors_out_of_business,
          nicolae_trove_entry_path_of_doom, uniq_erica
D:11:     layout_loops_ring, erik_lair_island, david_orc_4, serial_shops,
          nicolae_shop_crystal, minivault_5
Temple:   regret_index_temple_waves
Lair:1:   gammafunk_cloud_chamber, layout_regular_city, minmay_lair_oklob_items
Lair:2:   layout_loops_ring, minmay_shoals_entry_beasts, ebering_ghost_xom,
          grunt_forest_stairs_basic, minivault_23, minmay_lair_oklob_chamber,
          serial_bayou_shore_a
Lair:3:   layout_regular_city, spider_nest_entry_web_field,
          gammafunk_ghost_arena, minivault_23, st_stairs_5
Lair:4:   layout_long_grid, cheibrodos_lair_caveside_slide, serial_bayou_ford_a
Lair:5:   layout_layer_cave, minmay_slime_entry_oklob_enclosed,
          portal_ice_cave_entry_pillars_1, grunt_megastairs_3,
          serial_bayou_shore_b, uniq_rupert
Lair:6:   minmay_lair_end_frog_pond, layout_loops_ring, uniq_urug

Skill      XL: |  1  2  3  4  5  6  7  8  9 10 11 12 13 |
---------------+----------------------------------------+-----
Dodging        | 1 2 3 4 5 6 7 |  7.3
Axes           | 2 3 4 5 7 8 9 10 11 | 11.4
Armour         | 2 3 4 5 6 7 8 9 |  9.4
Invocations    | 3 4 5 6 7 8 10 | 10.8
Fighting       | 4 5 6 7 8 |  8.4
Throwing       | 1 |  1.9
Shields        | 1 2 3 4 5 |  5.0
Evocations     | 1 2 |  2.6

Action                   |  1- 3 |  4- 6 |  7- 9 | 10-12 | 13-15 || total
-------------------------+-------+-------+-------+-------+-------++-------
Melee: Hand axe          |   124 |    85 |       |       |       ||   209
       Kick              |    16 |    39 |   115 |   244 |   105 ||   519
       War axe           |       |   130 |   438 |   876 |   314 ||  1758
       Headbutt          |       |       |       |    11 |    72 ||    83
Throw: Boomerang         |       |     5 |    11 |    27 |     4 ||    47
Invok: Depart the Abyss  |     1 |       |       |       |       ||     1
       Bend Space        |       |     1 |       |       |       ||     1
       Banish            |       |       |       |    14 |     4 ||    18
 Abil: Evoke Berserk Rag |       |       |     3 |    16 |     6 ||    25
Evoke: Wand              |       |       |       |     1 |       ||     1
  Use: Potion            |     1 |     7 |     1 |     6 |     1 ||    16
       Scroll            |     3 |     9 |     5 |    11 |     3 ||    31
  Eat: Chunk             |     1 |     9 |    17 |    39 |    14 ||    80
       Ration            |       |       |       |    13 |     2 ||    15
Armor: Plate armour      |   146 |   193 |   292 |   482 |       ||  1113
       Chain mail        |       |       |       |   164 |   145 ||   309
Dodge: Dodged            |     8 |    49 |    36 |   221 |   103 ||   417
Block: Shield            |       |    23 |   160 |   470 |   166 ||   819

Table legend:
 A = Non-vault XP
 B = Vault XP
 C = Vault XP percentage of total XP
 D = Non-vault monster count
 E = Vault monster count
 F = Vault count percentage of total count
                 A         B        C        D         E       F
            +---------+---------+-------+---------+---------+-------
      Total |   40395 |   19469 |  32.5 |     439 |      88 |  16.7
            +---------+---------+-------+---------+---------+-------
        D:1 |      38 |      10 |  20.8 |      20 |      10 |  33.3
        D:2 |     132 |       6 |   4.3 |      28 |       2 |   6.7
        D:3 |     421 |      35 |   7.7 |      36 |       1 |   2.7
        D:4 |     430 |       0 |   0.0 |      13 |       0 |   0.0
        D:5 |     687 |       0 |   0.0 |      25 |       0 |   0.0
        D:6 |    1965 |     672 |  25.5 |      56 |       3 |   5.1
        D:7 |    1661 |    1138 |  40.7 |      29 |       6 |  17.1
        D:8 |    1272 |     466 |  26.8 |      20 |       1 |   4.8
        D:9 |    5386 |    1488 |  21.6 |      34 |       2 |   5.6
       D:10 |    1781 |    1269 |  41.6 |      29 |       2 |   6.5
       D:11 |    6354 |    1432 |  18.4 |      50 |      25 |  33.3
     Lair:1 |    1176 |     565 |  32.5 |       8 |       1 |  11.1
     Lair:2 |    3153 |    1959 |  38.3 |      17 |       4 |  19.0
     Lair:3 |    4203 |     928 |  18.1 |      22 |       2 |   8.3
     Lair:4 |    6345 |       0 |   0.0 |      26 |       0 |   0.0
     Lair:5 |    3513 |    5018 |  58.8 |      19 |      12 |  38.7
     Lair:6 |    1878 |    4483 |  70.5 |       7 |      17 |  70.8
            +---------+---------+-------+---------+---------+-------
